 Dungeon Crawl Stone Soup version 0.17-a0-1210-g1e4f09d (webtiles) character file.

11890 Kidiri the Destroyer (level 11, -4/88 HPs)
             Began as a Pale Draconian Conjurer on June 4, 2015.
             Was an Elder of Vehumet.
             Killed by the air
             ... invoked by Gastronok
              (39 damage)
             ... on level 11 of the Dungeon.
             The game lasted 02:21:11 (17598 turns).

Kidiri the Destroyer (Pale Draconian Conjurer)     Turns: 17598, Time: 02:21:12

Health: -4/88      AC: 13    Str: 13    XL:     11   Next: 55%
Magic:  0/21       EV: 15    Int: 19    God:    Vehumet [****..]
Gold:   129        SH:  0    Dex: 11    Spells: 7 memorised, 1 level left

rFire  + . .     SeeInvis .     u - +2 dagger (freeze)
rCold  . . .     Clarity  .     (armour unavailable)
rNeg   . . .     SustAt   .     (no shield)
rPois  +         Gourm    .     (helmet restricted)
rElec  .         Spirit   .     k - +2 cloak {rPois}
rCorr  .         Warding  .     g - +2 pair of gloves
rMut   .         Stasis   .     (no boots)
MR     .....                    (no amulet)
Stlth  +++.......               l - ring of wizardry
                                w - +1 ring of evasion

@: slowed, very slow, not resistant to hostile enchantments, fairly stealthy
A: breathe steam, unfitting armour, fire resistance 1, sense surroundings 1,
strong 1, wild magic 1, cold-blooded, AC +7
a: Breathe Steam, Renounce Religion


You were on level 11 of the Dungeon.
You worshipped Vehumet.
Vehumet was greatly pleased with you.
You were not hungry.

You visited 2 branches of the dungeon, and saw 12 of its levels.

You collected 604 gold pieces.
You spent 475 gold pieces at shops.

Inventory:

Hand weapons
 c - a +1 dagger of venom
 d - a +0 dagger of venom
 u - a +2 dagger of freezing (weapon)
 y - a +0 rapier
 R - a cursed -3 dagger
 T - a cursed +2 dagger
Armour
 g - a +2 pair of gloves (worn)
 k - a +2 cloak of poison resistance (worn)
Magical staves
 o - an uncursed staff of energy
Jewellery
 l - a ring of wizardry (right hand)
 w - a +1 ring of evasion (left hand)
 x - a +3 ring of strength
 J - an uncursed ring of protection from magic
 V - an uncursed ring of fire
Magical devices
 n - a wand of flame (14)
 p - a wand of draining (7)
 q - a wand of digging (13)
 s - a wand of slowing (31)
 z - a wand of disintegration (22)
 B - a wand of fire (6)
 M - a wand of magic darts (16)
 U - a wand of disintegration (12)
Scrolls
 b - 3 scrolls of blinking
 h - 4 scrolls of noise
 F - a scroll of amnesia
 K - a scroll of recharging
 S - 3 scrolls of teleportation
Potions
 e - a potion of flight
 f - a potion of resistance
 i - a potion of agility
 m - a potion of berserk rage
 r - a potion of brilliance
 v - a potion of curing
 C - a potion of cancellation
 I - 2 potions of poison {unknown}
 Q - 2 potions of might
Books
 a - a book of Conjurations

   Spells                             Type                      Level
   a - Magic Dart                     Conjuration                  1
   b - Searing Ray                    Conjuration                  2
   c - Dazzling Spray                 Conjuration/Hexes            3
   d - Fulminant Prism                Conjuration/Hexes            4
   e - Iskenderun's Mystic Blast      Conjuration                  4
   f - Iskenderun's Battlesphere      Conjuration/Charms           5
 t - a book of Minor Magic

   Spells                             Type                      Level
   a - Magic Dart                     Conjuration                  1
   b - Blink                          Translocation                2
   c - Call Imp                       Summoning                    2
   d - Repel Missiles                 Charms/Air                   2
   e - Slow                           Hexes                        2
   f - Conjure Flame                  Conjuration/Fire             3
   g - Mephitic Cloud                 Conjuration/Poison/Air       3
 A - a book of Battle

   Spells                             Type                      Level
   a - Infusion                       Charms                       1
   b - Shroud of Golubria             Charms/Translocation         2
   c - Song of Slaying                Charms                       2
   d - Spectral Weapon                Hexes/Charms                 3
   e - Regeneration                   Charms/Necromancy            3
 E - a book of the Sky

   Spells                             Type                      Level
   a - Summon Lightning Spire         Summoning/Air                4
   b - Airstrike                      Air                          4
   c - Silence                        Hexes/Air                    5
   d - Deflect Missiles               Charms/Air                   6
   e - Conjure Ball Lightning         Conjuration/Air              6
   f - Tornado                        Air                          9
Comestibles
 j - 6 bread rations
 D - 12 fruits
 N - 4 beef jerkies


   Skills:
 + Level 5.5 Fighting
 + Level 5.0 Short Blades
 + Level 5.6 Dodging
 * Level 7.7 Stealth
 * Level 7.3 Spellcasting
 * Level 8.4 Conjurations
 * Level 7.0 Hexes
 * Level 3.9 Charms
 * Level 2.6 Air Magic


You had one spell level left.
You knew the following spells:

 Your Spells              Type           Power        Failure   Level  Hunger
a - Magic Dart            Conj           ####         1%          1    None
b - Searing Ray           Conj           ######       1%          2    None
c - Dazzling Spray        Conj/Hex       ######..     1%          3    #......
d - Iskenderun's Mystic   Conj           ######..     1%          4    ###....
e - Fulminant Prism       Conj/Hex       ######....   1%          4    ###....
f - Iskenderun's Battles  Conj/Chrm      #####...     4%          5    #####..
g - Airstrike             Air            ####......   8%          4    ###....


Dungeon Overview and Level Annotations

Branches:
Dungeon (11/15)            Temple (1/1) D:5             Orc (0/4) D:10
   Lair: D:8-11

Altars:
Ashenzari
Cheibriados
Dithmenos
Elyvilon
Fedhas
Gozag
Kikubaaqudgha
Makhleb
Nemelex Xobeh
Okawaru
Qazlal
Ru
Sif Muna
Trog
Vehumet
Xom
Yredelemnul
Zin
The Shining One

Shops:
D:4 *   D:9 *   D:10 ?

Annotations:
D:11 Gastronok


Innate Abilities, Weirdness & Mutations

You can breathe blasts of scalding, opaque steam.
Your pale cyan-grey scales are hard (AC +7).
Your body does not fit into most forms of armour.
You are cold-blooded and may be slowed by cold attacks.
Your flesh is heat resistant.
You passively map a small area around you.
Your muscles are strong. (Str +2)
Your spells are a little harder to cast, but a little more powerful.


Message History

You feel better.
You hit Gastronok. You freeze Gastronok.
Gastronok is severely wounded.
Gastronok bites you.
You hit Gastronok. You freeze Gastronok.
Gastronok is severely wounded.
Casting: Magic Dart
Confirm with . or Enter, or press ? or * to list all spells.
Aiming: Magic Dart
Press: ? - help, Shift-Dir - straight line, f/p - Gastronok
Aim: Gastronok, wearing a glowing hat (severely wounded)
The magic dart hits Gastronok.
Gastronok is severely wounded.
Gastronok waves his eye-stalks in wide circles.
The air twists around and strikes you!
You hit Gastronok. You freeze Gastronok.
Gastronok is severely wounded.
Gastronok waves his eye-stalks in wide circles.
The air twists around and strikes you!
You die...

* ###### * #....#
######....######## ,
.................##### ,,
?.....................
....).w@.............. ##
...................... ,
,#.##'####+#######.......##
#...............#.......# ....
+...............#.......#
...###...............#.†...###
...+..†.########.....#.....#
...#....# #.....#.....###
...#...†# #..r.r#........,


You could see Gastronok.

Vanquished Creatures
  An unseen horror (D:8)
  An ice devil (D:10)
  An obsidian statue (D:10)
  A hill giant (D:10)
  Maurice (D:8)
  A red devil (D:10)
  A two-headed ogre (D:10)
  A shadow (D:9)
  Sigmund (D:3)
  Grum (D:8)
  7 yaks
  4 hippogriffs
  3 wolves (D:8)
  2 ice beasts
  A black bear (D:9)
  3 orc warriors
  3 sky beasts
  A necrophage (D:5)
  5 phantoms
  10 centaurs
  21 big kobolds
  7 ogres
  6 giant frogs
  A wyvern zombie (D:9)
  5 jellies
  A gnoll sergeant (D:7)
  3 scorpions
  3 killer bees (D:10)
  5 crimson imps
  3 wights (D:8)
  9 orc priests
  A giant frog zombie (D:8)
  A lava snake (D:8)
  7 hounds
  4 centaur skeletons
  Ijyb (D:2)
  7 orc wizards
  2 iguanas
  Terence (D:2)
  7 worker ants
  A killer bee zombie (D:8)
  2 hound zombies
  3 hound skeletons
  8 adders
  7 gnolls
  A river rat (D:11)
  2 white imps (D:10)
  A shadow imp (D:10)
  An ufetubus (D:10)
  4 adder skeletons
  11 worms
  5 giant geckos
  36 orcs
  A ball python (D:2)
  15 bats
  5 giant cockroaches
  17 hobgoblins
  12 jackals
  70 kobolds
  2 quokkas
  A giant gecko skeleton (D:7)
  6 giant newts
  12 goblins
  4 quokka skeletons
  19 rats
  A fungus (D:4)
391 creatures vanquished.

Vanquished Creatures (others)
  32 fulminant prisms
  An orc (D:8)
33 creatures vanquished.

Grand Total: 424 creatures vanquished

Notes
Turn   | Place    | Note
--------------------------------------------------------------
     0 | D:1      | Kidiri the Draconian Conjurer began the quest for the Orb.
     0 | D:1      | Reached XP level 1. HP: 14/14 MP: 3/3
   734 | D:1      | Reached XP level 2. HP: 20/22 MP: 0/5
   738 | D:1      | Learned a level 2 spell: Searing Ray
  1859 | D:2      | Reached XP level 3. HP: 27/27 MP: 4/6
  1868 | D:2      | Learned a level 3 spell: Dazzling Spray
  2182 | D:2      | Noticed Ijyb
  2302 | D:2      | Killed Ijyb
  2302 | D:2      | Reached skill level 1 in Fighting
  2517 | D:2      | Reached XP level 4. HP: 35/35 MP: 2/7
  2604 | D:2      | Noticed Terence
  2634 | D:2      | Killed Terence
  2634 | D:2      | Reached skill level 1 in Hexes
  3170 | D:2      | Found a glowing silver altar of Zin.
  3458 | D:3      | Noticed Sigmund
  3535 | D:3      | Killed Sigmund
  3535 | D:3      | Reached skill level 1 in Short Blades
  3535 | D:3      | Reached XP level 5. HP: 24/40 MP: 0/9
  3716 | D:3      | Reached XP level 6. HP: 47/47 MP: 1/10
  3797 | D:3      | Learned a level 4 spell: Iskenderun's Mystic Blast
  4614 | D:3      | Noticed a big kobold
  4759 | D:3      | Noticed a big kobold
  4797 | D:3      | Killed a big kobold
  5002 | D:3      | Killed a big kobold
  5160 | D:3      | Noticed a big kobold
  5172 | D:3      | Killed a big kobold
  5172 | D:3      | Reached skill level 5 in Conjurations
  5172 | D:3      | Your scales start taking on a pale cyan-grey colour.
  5172 | D:3      | Reached XP level 7. HP: 45/53 MP: 3/12
  5529 | D:3      | Noticed a big kobold
  5551 | D:3      | Killed a big kobold
  5811 | D:3      | Noticed a big kobold
  5819 | D:3      | Killed a big kobold
  5902 | D:3      | Noticed a big kobold
  5902 | D:3      | Noticed a big kobold
  5913 | D:3      | Killed a big kobold
  5924 | D:3      | Killed a big kobold
  6315 | D:4      | Found an iron altar of Okawaru.
  6845 | D:4      | Reached XP level 8. HP: 22/62 MP: 0/14
  7047 | D:4      | Found Helub Zekehi's General Store.
  7057 | D:4      | Bought a scroll of identify for 20 gold pieces
  7057 | D:4      | Bought a +0 rapier for 40 gold pieces
  7066 | D:4      | Found a white marble altar of Elyvilon.
  7235 | D:4      | Learned a level 4 spell: Fulminant Prism
  7816 | D:5      | Entered Level 5 of the Dungeon
  8355 | D:5      | Reached skill level 5 in Stealth
  8505 | D:5      | Reached skill level 6 in Conjurations
  8760 | D:5      | Gained mutation: You passively map a small area around you. [mutagenic meat]
  8761 | D:5      | Gained mutation: Your muscles are strong. (Str +2) [mutagenic meat]
  8762 | D:5      | Gained mutation: Your flesh is heat resistant. [mutagenic meat]
  8763 | D:5      | Gained mutation: Your spells are a little harder to cast, but a little more powerful. [mutagenic meat]
  8918 | D:5      | Found a staircase to the Ecumenical Temple.
  8927 | Temple   | Entered the Ecumenical Temple
  9197 | Temple   | Became a worshipper of Vehumet
 10031 | D:5      | Reached XP level 9. HP: 67/70 MP: 13/16
 10380 | D:6      | Reached skill level 5 in Spellcasting
 10551 | D:6      | Found a deep blue altar of Sif Muna.
 10858 | D:6      | Acquired Vehumet's first power
 10858 | D:6      | Offered knowledge of Sandblast by Vehumet.
 11745 | D:7      | Reached skill level 5 in Hexes
 12312 | D:7      | Found a shimmering altar of Xom.
 12640 | D:7      | Learned a level 5 spell: Iskenderun's Battlesphere
 12801 | D:8      | Noticed Grum
 12808 | D:8      | Reached skill level 7 in Conjurations
 12808 | D:8      | Reached XP level 10. HP: 79/79 MP: 10/18
 12809 | D:8      | Killed Grum
 12972 | D:8      | Reached skill level 1 in Charms
 13194 | D:8      | Offered knowledge of Throw Frost by Vehumet.
 13396 | D:8      | Noticed Maurice
 13418 | D:8      | Killed an unseen horror
 13418 | D:8      | Reached skill level 5 in Dodging
 13846 | D:8      | Killed Maurice
 14031 | D:8      | Found a blossoming altar of Fedhas.
 14114 | D:8      | Reached skill level 5 in Fighting
 14119 | D:8      | Offered knowledge of Stone Arrow by Vehumet.
 14321 | D:8      | Found a burning altar of Makhleb.
 14321 | D:8      | Found a blossoming altar of Fedhas.
 14322 | D:8      | Found a snail-covered altar of Cheibriados.
 14743 | D:9      | Acquired Vehumet's second power
 14815 | D:9      | Found Pigak's Elemental Accessories.
 14963 | D:9      | Reached XP level 11. HP: 86/86 MP: 17/21
 15007 | D:9      | Learned a level 4 spell: Airstrike
 15082 | D:9      | Reached skill level 8 in Conjurations
 15478 | D:9      | Offered knowledge of Sticky Flame by Vehumet.
 15688 | D:10     | Entered Level 10 of the Dungeon
 15688 | D:10     | Noticed a hill giant
 15698 | D:10     | Killed a hill giant
 15706 | D:10     | Reached skill level 1 in Air Magic
 16032 | D:10     | Found Dusiar's Magic Scroll Emporium.
 16035 | D:10     | Bought a scroll of enchant weapon for 75 gold pieces
 16035 | D:10     | Bought a scroll of enchant weapon for 75 gold pieces
 16035 | D:10     | Bought a scroll of recharging for 95 gold pieces
 16035 | D:10     | Bought a scroll of blinking for 75 gold pieces
 16035 | D:10     | Bought a scroll of identify for 20 gold pieces
 16035 | D:10     | Bought a scroll of blinking for 75 gold pieces
 16310 | D:10     | Noticed an obsidian statue
 16329 | D:10     | Noticed an ice devil
 16338 | D:10     | Noticed a soul eater
 16359 | D:10     | Killed an ice devil
 16788 | D:10     | Killed an obsidian statue
 16830 | D:10     | Found a staircase to the Orcish Mines.
 17107 | D:10     | Acquired Vehumet's third power
 17405 | D:11     | Noticed Gastronok
 17455 | D:11     | Offered knowledge of Throw Icicle by Vehumet.
 17474 | D:11     | Reached skill level 5 in Short Blades
 17598 | D:11     | Killed from afar by Gastronok

Vault maps used:
D:1:      roderic_dead_forest, minmay_tree_intersection
D:2:      zin_treasury, eino_tiny_chamber, uniq_iyjb, uniq_terence
D:3:      minmay_goblin_kobold_castle, uniq_sigmund
D:4:      elyvilon_altar_1, lemuel_round_altar, serial_shops, shop, first_bread
D:5:      kennysheep_six_static_rooms, minmay_temple_entry_hall,
          hangedman_decor_diamond_cutter, dk_noncrumbling_4
D:6:      lemuel_blue_sif_altar
D:7:      lemuel_crystal_altar, grunt_ogre_cave
D:8:      gammafunk_temple_overflow_claw, special_room, kennysheep_flooded_box,
          uniq_maurice, uniq_grum
D:9:      nicolae_elemental_shop
D:10:     minmay_statue_hallways, orc_0_dummy, serial_shops, nicolae_shop_trees,
          minmay_misc_feat_roman
D:11:     lair_0_dummy, minmay_statue_bubble, uniq_gastronok, uniq_sonja
Temple:   minmay_temple_forest_path_12

Action                   |  1- 3 |  4- 6 |  7- 9 | 10-12 || total
-------------------------+-------+-------+-------+-------++-------
Melee: Unarmed           |    12 |       |       |       ||    12
       Short sword       |     4 |    56 |   140 |    37 ||   237
       Dagger            |    68 |    38 |       |    59 ||   165
       Rapier            |       |       |       |    15 ||    15
 Cast: Magic Dart        |    75 |   130 |   261 |   244 ||   710
       Searing Ray       |     5 |     7 |    24 |     7 ||    43
       Iskenderun's Myst |       |     1 |    18 |     8 ||    27
       Fulminant Prism   |       |       |    11 |    21 ||    32
       Iskenderun's Batt |       |       |       |    14 ||    14
       Airstrike         |       |       |       |     6 ||     6
 Abil: Breathe Steam     |       |       |    32 |    29 ||    61
Evoke: Wand              |       |       |     2 |       ||     2
  Use: Scroll            |     5 |     3 |     8 |     6 ||    22
       Potion            |       |     4 |     1 |    10 ||    15
 Stab: Sleeping          |       |       |     2 |     1 ||     3
  Eat: Chunk             |     6 |     4 |    12 |     3 ||    25
       Bread ration      |       |     1 |     1 |       ||     2
       Meat ration       |       |     1 |     2 |     4 ||     7
       Fruit             |       |       |     2 |       ||     2
       Beef jerky        |       |       |     2 |     2 ||     4
       Pizza             |       |       |     1 |     2 ||     3
